AoeStats
← toomuchdog

Arabia

509278873Analyzed
3v3 RM · 7d ago on Sep 26, 2026· 44m 8s· 6 players
Game mode
Random Map
Map size
Normal (6 player)
Population
200
Speed
Normal
Resources
Standard
Victory
Conquest
Starting age
Dark Age
Ending age
Imperial Age
RankedLock teamsTeams togetherTeam positionsShared explorationLock speedFull tech treeHidden civsTurbo modeCheats
Victory
Defeat
🇨🇦 Hindustanis · Canada
1335
+11
🇨🇦 Koreans · Canada
1254
+14
1242
+14
🇨🇴 Saracens · Colombia
1494
-23
🇨🇴 Ethiopians · Colombia
1159
-11
🇨🇴 Khitans · Colombia
972
-5
twitch.tv/aceinspace93
7:33 Loom
9:57 Feudal Age
10:54 Double-Bit Axe
11:45 Fletching
24:37 Castle Age
23:34 Gold Mining
23:36 Stone Mining
24:41 Crossbowman
25:27 Thumb Ring
25:32 Bodkin Arrow
27:55 Horse Collar
30:05 Gold Shaft Mining
29:44 Bow Saw
31:27 Wheelbarrow
35:48 Heavy Plow
37:48 Hand Cart
40:25 Stone Shaft Mining
43:33 Imperial Age
44:14 Ballistics
44:27 Bracer
43:49 Arbalester
43:55 Capped Ram
Slicked Back Not Pushed
4:50 Loom
9:57 Feudal Age
10:43 Double-Bit Axe
12:08 Horse Collar
15:08 Fletching
16:17 Padded Archer Armor
21:27 Castle Age
22:46 Crossbowman
23:52 Bow Saw
23:44 Heavy Plow
23:46 Crossbowman
24:42 Gold Mining
26:18 Wheelbarrow
29:44 Bodkin Arrow
30:49 Thumb Ring
31:00 Leather Archer Armor
32:01 Town Watch
32:39 Ballistics
41:04 Imperial Age
41:08 Arbalester
41:48 Bracer
42:59 Chemistry
43:09 Two-Man Saw
43:34 Ring Archer Armor
44:21 Hand Cart
44:06 Town Patrol
44:06 Stone Mining
43:58 Elite Genoese Crossbowman
44:59 Conscription
toomuchdog
7:20 Loom
9:12 Feudal Age
7:32 Loom
11:15 Double-Bit Axe
11:28 Horse Collar
15:25 Scale Barding Armor
16:36 Forging
22:27 Castle Age
21:13 Bloodlines
21:34 Stone Mining
21:36 Gold Mining
22:32 Light Cavalry
23:49 Bow Saw
27:17 Chain Barding Armor
27:00 Scale Mail Armor
27:52 Wheelbarrow
28:59 Chain Mail Armor
28:47 Squires
29:26 Hand Cart
34:10 Iron Casting
35:56 Fletching
36:14 Grand Trunk Road
36:10 Town Watch
37:57 Gold Shaft Mining
39:04 Town Patrol
40:49 Bodkin Arrow
44:18 Imperial Age
43:19 Husbandry
44:28 Chain Barding Armor
FC_Satuplese
8:07 Loom
10:40 Feudal Age
23:30 Town Watch
24:32 Scale Barding Armor
29:01 Castle Age
28:53 Forging
29:37 Domestication
29:45 Double-Bit Axe
29:53 Gold Mining
30:34 Light Cavalry
31:14 Husbandry
34:56 Chain Barding Armor
43:33 Iron Casting
44:29 Wheelbarrow
FC_YeyeAge10
6:25 Loom
9:17 Feudal Age
10:15 Double-Bit Axe
13:39 Fletching
19:34 Padded Archer Armor
23:42 Wheelbarrow
25:33 Castle Age
24:07 Gold Mining
26:10 Bodkin Arrow
25:43 Crossbowman
28:28 Ballistics
32:22 Leather Archer Armor
32:36 Bow Saw
32:07 Horse Collar
32:54 Thumb Ring
39:49 Wheelbarrow
38:59 Town Watch
39:17 Heavy Plow
39:53 Gold Shaft Mining
42:09 Imperial Age
FC_CamShaca
6:40 Loom
9:28 Feudal Age
13:54 Town Watch
16:11 Wheelbarrow
16:11 Double-Bit Axe
17:44 Fletching
18:59 Padded Archer Armor
25:51 Castle Age
25:56 Crossbowman
26:33 Bodkin Arrow
27:35 Leather Archer Armor
28:16 Thumb Ring
30:41 Ballistics
31:42 Masonry
34:00 Bow Saw
36:05 Gold Mining
36:08 Stone Mining
36:46 Horse Collar
42:42 Imperial Age
43:21 Bracer
44:42 Ring Archer Armor
Connection lost

Rejoining the realm…

Still unreachable

The connection could not be restored.

Session expired

The server has moved on; the page needs a fresh start.